%YAML 1.1
%TAG !u! tag:unity3d.com,2011:
--- !u!1 &406264591810198844
GameObject:
  m_ObjectHideFlags: 0
  m_CorrespondingSourceObject: {fileID: 0}
  m_PrefabInstance: {fileID: 0}
  m_PrefabAsset: {fileID: 0}
  serializedVersion: 6
  m_Component:
  - component: {fileID: 7883354707140537909}
  m_Layer: 7
  m_Name: ExitPosition
  m_TagString: Untagged
  m_Icon: {fileID: 0}
  m_NavMeshLayer: 0
  m_StaticEditorFlags: 0
  m_IsActive: 1
--- !u!4 &7883354707140537909
Transform:
  m_ObjectHideFlags: 0
  m_CorrespondingSourceObject: {fileID: 0}
  m_PrefabInstance: {fileID: 0}
  m_PrefabAsset: {fileID: 0}
  m_GameObject: {fileID: 406264591810198844}
  m_LocalRotation: {x: 0, y: 0, z: 0, w: 1}
  m_LocalPosition: {x: -3.5, y: 0, z: -4}
  m_LocalScale: {x: 1, y: 1, z: 1}
  m_Children: []
  m_Father: {fileID: 4204305097673627552}
  m_RootOrder: 17
  m_LocalEulerAnglesHint: {x: 0, y: 0, z: 0}
--- !u!1 &1502822203169213027
GameObject:
  m_ObjectHideFlags: 0
  m_CorrespondingSourceObject: {fileID: 0}
  m_PrefabInstance: {fileID: 0}
  m_PrefabAsset: {fileID: 0}
  serializedVersion: 6
  m_Component:
  - component: {fileID: 7071222381955343138}
  m_Layer: 7
  m_Name: SleepPosition
  m_TagString: Untagged
  m_Icon: {fileID: 0}
  m_NavMeshLayer: 0
  m_StaticEditorFlags: 0
  m_IsActive: 1
--- !u!4 &7071222381955343138
Transform:
  m_ObjectHideFlags: 0
  m_CorrespondingSourceObject: {fileID: 0}
  m_PrefabInstance: {fileID: 0}
  m_PrefabAsset: {fileID: 0}
  m_GameObject: {fileID: 1502822203169213027}
  m_LocalRotation: {x: 0, y: 0, z: 0, w: 1}
  m_LocalPosition: {x: 0, y: 0, z: 0}
  m_LocalScale: {x: 1, y: 1, z: 1}
  m_Children: []
  m_Father: {fileID: 4204305097673627552}
  m_RootOrder: 18
  m_LocalEulerAnglesHint: {x: 0, y: 0, z: 0}
--- !u!114 &4071109422499345075
MonoBehaviour:
  m_ObjectHideFlags: 0
  m_CorrespondingSourceObject: {fileID: 0}
  m_PrefabInstance: {fileID: 0}
  m_PrefabAsset: {fileID: 0}
  m_GameObject: {fileID: 2213178431307871594}
  m_Enabled: 1
  m_EditorHideFlags: 0
  m_Script: {fileID: 11500000, guid: 8b3e78fccdfa87e4482791b4f127c89b, type: 3}
  m_Name: 
  m_EditorClassIdentifier: 
  interaction: 6
  buildingEmpty: {fileID: 0}
  buildingClosed: {fileID: 0}
  enemiesNearby: {fileID: 0}
--- !u!1 &4994042922495829427
GameObject:
  m_ObjectHideFlags: 0
  m_CorrespondingSourceObject: {fileID: 0}
  m_PrefabInstance: {fileID: 0}
  m_PrefabAsset: {fileID: 0}
  serializedVersion: 6
  m_Component:
  - component: {fileID: 4204305097673627552}
  - component: {fileID: 8218122150854788664}
  - component: {fileID: -2348001430476095666}
  - component: {fileID: 8285698521481321988}
  - component: {fileID: -756667419718774185}
  m_Layer: 7
  m_Name: BO03 - Small House High Parterre
  m_TagString: Untagged
  m_Icon: {fileID: 0}
  m_NavMeshLayer: 0
  m_StaticEditorFlags: 4294967295
  m_IsActive: 1
--- !u!4 &4204305097673627552
Transform:
  m_ObjectHideFlags: 0
  m_CorrespondingSourceObject: {fileID: 0}
  m_PrefabInstance: {fileID: 0}
  m_PrefabAsset: {fileID: 0}
  m_GameObject: {fileID: 4994042922495829427}
  m_LocalRotation: {x: 0, y: 0, z: 0, w: 1}
  m_LocalPosition: {x: 0, y: 0, z: 0}
  m_LocalScale: {x: 1, y: 1, z: 1}
  m_Children:
  - {fileID: 2949175879424509817}
  - {fileID: 5399479912963571857}
  - {fileID: 2253125007752498186}
  - {fileID: 4446710830127369645}
  - {fileID: 7162935548325383617}
  - {fileID: 6175151577574507158}
  - {fileID: 6975577420960272076}
  - {fileID: 3167859590675079225}
  - {fileID: 3267969599258789281}
  - {fileID: 924276325951009152}
  - {fileID: 7096841277513604750}
  - {fileID: 4870672025268838165}
  - {fileID: 8517083687813789978}
  - {fileID: 8122090605292981999}
  - {fileID: 5216201379494115123}
  - {fileID: 824823843994054018}
  - {fileID: 8832133548387976104}
  - {fileID: 7883354707140537909}
  - {fileID: 7071222381955343138}
  m_Father: {fileID: 0}
  m_RootOrder: 0
  m_LocalEulerAnglesHint: {x: 0, y: 0, z: 0}
--- !u!65 &8218122150854788664
BoxCollider:
  m_ObjectHideFlags: 0
  m_CorrespondingSourceObject: {fileID: 0}
  m_PrefabInstance: {fileID: 0}
  m_PrefabAsset: {fileID: 0}
  m_GameObject: {fileID: 4994042922495829427}
  m_Material: {fileID: 0}
  m_IsTrigger: 1
  m_Enabled: 0
  serializedVersion: 2
  m_Size: {x: 10, y: 10, z: 10}
  m_Center: {x: 0.2, y: 5, z: 0}
--- !u!54 &-2348001430476095666
Rigidbody:
  m_ObjectHideFlags: 0
  m_CorrespondingSourceObject: {fileID: 0}
  m_PrefabInstance: {fileID: 0}
  m_PrefabAsset: {fileID: 0}
  m_GameObject: {fileID: 4994042922495829427}
  serializedVersion: 2
  m_Mass: 1
  m_Drag: 0
  m_AngularDrag: 0.05
  m_UseGravity: 0
  m_IsKinematic: 1
  m_Interpolate: 0
  m_Constraints: 0
  m_CollisionDetection: 0
--- !u!114 &8285698521481321988
MonoBehaviour:
  m_ObjectHideFlags: 0
  m_CorrespondingSourceObject: {fileID: 0}
  m_PrefabInstance: {fileID: 0}
  m_PrefabAsset: {fileID: 0}
  m_GameObject: {fileID: 4994042922495829427}
  m_Enabled: 1
  m_EditorHideFlags: 0
  m_Script: {fileID: 11500000, guid: 828af2cd2e53aac44a4dad844da26af9, type: 3}
  m_Name: 
  m_EditorClassIdentifier: 
  recoveryRate: 0.11
  currentObject: {fileID: 0}
  animationObject:
  - {fileID: 8456694250249465927}
  exitPosition: {fileID: 7883354707140537909}
  sleepPosition: {fileID: 7071222381955343138}
  enterPosition: {fileID: 7883354707140537909}
  lastParent: {fileID: 0}
  SleepRotation: {x: 0, y: 0, z: 0}
--- !u!64 &-756667419718774185
MeshCollider:
  m_ObjectHideFlags: 0
  m_CorrespondingSourceObject: {fileID: 0}
  m_PrefabInstance: {fileID: 0}
  m_PrefabAsset: {fileID: 0}
  m_GameObject: {fileID: 4994042922495829427}
  m_Material: {fileID: 0}
  m_IsTrigger: 0
  m_Enabled: 1
  serializedVersion: 4
  m_Convex: 0
  m_CookingOptions: 30
  m_Mesh: {fileID: 0}
--- !u!114 &5402498767061822812
MonoBehaviour:
  m_ObjectHideFlags: 0
  m_CorrespondingSourceObject: {fileID: 0}
  m_PrefabInstance: {fileID: 0}
  m_PrefabAsset: {fileID: 0}
  m_GameObject: {fileID: 7199516911897636997}
  m_Enabled: 1
  m_EditorHideFlags: 0
  m_Script: {fileID: 11500000, guid: 469292c3794f5064a8c045323d89794c, type: 3}
  m_Name: 
  m_EditorClassIdentifier: 
  lightObject: {fileID: 5591974378880484273}
--- !u!114 &6652514353735685988
MonoBehaviour:
  m_ObjectHideFlags: 0
  m_CorrespondingSourceObject: {fileID: 0}
  m_PrefabInstance: {fileID: 0}
  m_PrefabAsset: {fileID: 0}
  m_GameObject: {fileID: 8986255239302345346}
  m_Enabled: 1
  m_EditorHideFlags: 0
  m_Script: {fileID: 11500000, guid: 8b3e78fccdfa87e4482791b4f127c89b, type: 3}
  m_Name: 
  m_EditorClassIdentifier: 
  interaction: 6
  buildingEmpty: {fileID: 0}
  buildingClosed: {fileID: 0}
  enemiesNearby: {fileID: 0}
--- !u!1001 &53149399580686528
PrefabInstance:
  m_ObjectHideFlags: 0
  serializedVersion: 2
  m_Modification:
    m_TransformParent: {fileID: 4204305097673627552}
    m_Modifications:
    - target: {fileID: 6096327202710344797, guid: 54b9ccbe4b2274040862cf3d6a8c1f8c, type: 3}
      propertyPath: m_Name
      value: P_BLD_window_v08_02 (1)
      objectReference: {fileID: 0}
    - target: {fileID: 6096327202710344797, guid: 54b9ccbe4b2274040862cf3d6a8c1f8c, type: 3}
      propertyPath: m_Layer
      value: 7
      objectReference: {fileID: 0}
    - target: {fileID: 6096327202710344797, guid: 54b9ccbe4b2274040862cf3d6a8c1f8c, type: 3}
      propertyPath: m_StaticEditorFlags
      value: 4294967295
      objectReference: {fileID: 0}
    - target: {fileID: 7116207009536353870, guid: 54b9ccbe4b2274040862cf3d6a8c1f8c, type: 3}
      propertyPath: m_RootOrder
      value: 10
      objectReference: {fileID: 0}
    - target: {fileID: 7116207009536353870, guid: 54b9ccbe4b2274040862cf3d6a8c1f8c, type: 3}
      propertyPath: m_LocalScale.x
      value: 1.1665
      objectReference: {fileID: 0}
    - target: {fileID: 7116207009536353870, guid: 54b9ccbe4b2274040862cf3d6a8c1f8c, type: 3}
      propertyPath: m_LocalScale.y
      value: 1.1665
      objectReference: {fileID: 0}
    - target: {fileID: 7116207009536353870, guid: 54b9ccbe4b2274040862cf3d6a8c1f8c, type: 3}
      propertyPath: m_LocalScale.z
      value: 1.1665
      objectReference: {fileID: 0}
    - target: {fileID: 7116207009536353870, guid: 54b9ccbe4b2274040862cf3d6a8c1f8c, type: 3}
      propertyPath: m_LocalPosition.x
      value: -2.356
      objectReference: {fileID: 0}
    - target: {fileID: 7116207009536353870, guid: 54b9ccbe4b2274040862cf3d6a8c1f8c, type: 3}
      propertyPath: m_LocalPosition.y
      value: 3.66
      objectReference: {fileID: 0}
    - target: {fileID: 7116207009536353870, guid: 54b9ccbe4b2274040862cf3d6a8c1f8c, type: 3}
      propertyPath: m_LocalPosition.z
      value: -0.37
      objectReference: {fileID: 0}
    - target: {fileID: 7116207009536353870, guid: 54b9ccbe4b2274040862cf3d6a8c1f8c, type: 3}
      propertyPath: m_LocalRotation.w
      value: 0.7074153
      objectReference: {fileID: 0}
    - target: {fileID: 7116207009536353870, guid: 54b9ccbe4b2274040862cf3d6a8c1f8c, type: 3}
      propertyPath: m_LocalRotation.x
      value: 0
      objectReference: {fileID: 0}
    - target: {fileID: 7116207009536353870, guid: 54b9ccbe4b2274040862cf3d6a8c1f8c, type: 3}
      propertyPath: m_LocalRotation.y
      value: -0.7067982
      objectReference: {fileID: 0}
    - target: {fileID: 7116207009536353870, guid: 54b9ccbe4b2274040862cf3d6a8c1f8c, type: 3}
      propertyPath: m_LocalRotation.z
      value: 0
      objectReference: {fileID: 0}
    - target: {fileID: 7116207009536353870, guid: 54b9ccbe4b2274040862cf3d6a8c1f8c, type: 3}
      propertyPath: m_LocalEulerAnglesHint.x
      value: 0
      objectReference: {fileID: 0}
    - target: {fileID: 7116207009536353870, guid: 54b9ccbe4b2274040862cf3d6a8c1f8c, type: 3}
      propertyPath: m_LocalEulerAnglesHint.y
      value: -89.95
      objectReference: {fileID: 0}
    - target: {fileID: 7116207009536353870, guid: 54b9ccbe4b2274040862cf3d6a8c1f8c, type: 3}
      propertyPath: m_LocalEulerAnglesHint.z
      value: 0
      objectReference: {fileID: 0}
    m_RemovedComponents: []
  m_SourcePrefab: {fileID: 100100000, guid: 54b9ccbe4b2274040862cf3d6a8c1f8c, type: 3}
--- !u!4 &7096841277513604750 stripped
Transform:
  m_CorrespondingSourceObject: {fileID: 7116207009536353870, guid: 54b9ccbe4b2274040862cf3d6a8c1f8c, type: 3}
  m_PrefabInstance: {fileID: 53149399580686528}
  m_PrefabAsset: {fileID: 0}
--- !u!1001 &1260348639714687655
PrefabInstance:
  m_ObjectHideFlags: 0
  serializedVersion: 2
  m_Modification:
    m_TransformParent: {fileID: 4204305097673627552}
    m_Modifications:
    - target: {fileID: 4918258858900718965, guid: 9b01f20919686ee499be45958bcf5056, type: 3}
      propertyPath: m_Name
      value: P_BLD_stairs_v04_v2
      objectReference: {fileID: 0}
    - target: {fileID: 4918258858900718965, guid: 9b01f20919686ee499be45958bcf5056, type: 3}
      propertyPath: m_Layer
      value: 7
      objectReference: {fileID: 0}
    - target: {fileID: 4918258858900718965, guid: 9b01f20919686ee499be45958bcf5056, type: 3}
      propertyPath: m_StaticEditorFlags
      value: 4294967295
      objectReference: {fileID: 0}
    - target: {fileID: 8222011094074718054, guid: 9b01f20919686ee499be45958bcf5056, type: 3}
      propertyPath: m_RootOrder
      value: 4
      objectReference: {fileID: 0}
    - target: {fileID: 8222011094074718054, guid: 9b01f20919686ee499be45958bcf5056, type: 3}
      propertyPath: m_LocalScale.x
      value: 1.7605
      objectReference: {fileID: 0}
    - target: {fileID: 8222011094074718054, guid: 9b01f20919686ee499be45958bcf5056, type: 3}
      propertyPath: m_LocalPosition.x
      value: 0.46
      objectReference: {fileID: 0}
    - target: {fileID: 8222011094074718054, guid: 9b01f20919686ee499be45958bcf5056, type: 3}
      propertyPath: m_LocalPosition.y
      value: 0
      objectReference: {fileID: 0}
    - target: {fileID: 8222011094074718054, guid: 9b01f20919686ee499be45958bcf5056, type: 3}
      propertyPath: m_LocalPosition.z
      value: -3.8
      objectReference: {fileID: 0}
    - target: {fileID: 8222011094074718054, guid: 9b01f20919686ee499be45958bcf5056, type: 3}
      propertyPath: m_LocalRotation.w
      value: 0.7071068
      objectReference: {fileID: 0}
    - target: {fileID: 8222011094074718054, guid: 9b01f20919686ee499be45958bcf5056, type: 3}
      propertyPath: m_LocalRotation.x
      value: 0
      objectReference: {fileID: 0}
    - target: {fileID: 8222011094074718054, guid: 9b01f20919686ee499be45958bcf5056, type: 3}
      propertyPath: m_LocalRotation.y
      value: 0.7071068
      objectReference: {fileID: 0}
    - target: {fileID: 8222011094074718054, guid: 9b01f20919686ee499be45958bcf5056, type: 3}
      propertyPath: m_LocalRotation.z
      value: 0
      objectReference: {fileID: 0}
    - target: {fileID: 8222011094074718054, guid: 9b01f20919686ee499be45958bcf5056, type: 3}
      propertyPath: m_LocalEulerAnglesHint.x
      value: 0
      objectReference: {fileID: 0}
    - target: {fileID: 8222011094074718054, guid: 9b01f20919686ee499be45958bcf5056, type: 3}
      propertyPath: m_LocalEulerAnglesHint.y
      value: 90
      objectReference: {fileID: 0}
    - target: {fileID: 8222011094074718054, guid: 9b01f20919686ee499be45958bcf5056, type: 3}
      propertyPath: m_LocalEulerAnglesHint.z
      value: 0
      objectReference: {fileID: 0}
    m_RemovedComponents: []
  m_SourcePrefab: {fileID: 100100000, guid: 9b01f20919686ee499be45958bcf5056, type: 3}
--- !u!4 &7162935548325383617 stripped
Transform:
  m_CorrespondingSourceObject: {fileID: 8222011094074718054, guid: 9b01f20919686ee499be45958bcf5056, type: 3}
  m_PrefabInstance: {fileID: 1260348639714687655}
  m_PrefabAsset: {fileID: 0}
--- !u!1001 &1538186667003729934
PrefabInstance:
  m_ObjectHideFlags: 0
  serializedVersion: 2
  m_Modification:
    m_TransformParent: {fileID: 4204305097673627552}
    m_Modifications:
    - target: {fileID: 4677611892934072984, guid: 28cb4185461d9fc468a2af44ea6966b5, type: 3}
      propertyPath: m_RootOrder
      value: 5
      objectReference: {fileID: 0}
    - target: {fileID: 4677611892934072984, guid: 28cb4185461d9fc468a2af44ea6966b5, type: 3}
      propertyPath: m_LocalScale.x
      value: 0.4907493
      objectReference: {fileID: 0}
    - target: {fileID: 4677611892934072984, guid: 28cb4185461d9fc468a2af44ea6966b5, type: 3}
      propertyPath: m_LocalScale.y
      value: 0.49074894
      objectReference: {fileID: 0}
    - target: {fileID: 4677611892934072984, guid: 28cb4185461d9fc468a2af44ea6966b5, type: 3}
      propertyPath: m_LocalScale.z
      value: 0.4907493
      objectReference: {fileID: 0}
    - target: {fileID: 4677611892934072984, guid: 28cb4185461d9fc468a2af44ea6966b5, type: 3}
      propertyPath: m_LocalPosition.x
      value: 2.2369702
      objectReference: {fileID: 0}
    - target: {fileID: 4677611892934072984, guid: 28cb4185461d9fc468a2af44ea6966b5, type: 3}
      propertyPath: m_LocalPosition.y
      value: 4.6780005
      objectReference: {fileID: 0}
    - target: {fileID: 4677611892934072984, guid: 28cb4185461d9fc468a2af44ea6966b5, type: 3}
      propertyPath: m_LocalPosition.z
      value: -3.3803697
      objectReference: {fileID: 0}
    - target: {fileID: 4677611892934072984, guid: 28cb4185461d9fc468a2af44ea6966b5, type: 3}
      propertyPath: m_LocalRotation.w
      value: 0.7416682
      objectReference: {fileID: 0}
    - target: {fileID: 4677611892934072984, guid: 28cb4185461d9fc468a2af44ea6966b5, type: 3}
      propertyPath: m_LocalRotation.x
      value: -0
      objectReference: {fileID: 0}
    - target: {fileID: 4677611892934072984, guid: 28cb4185461d9fc468a2af44ea6966b5, type: 3}
      propertyPath: m_LocalRotation.y
      value: 0.67076695
      objectReference: {fileID: 0}
    - target: {fileID: 4677611892934072984, guid: 28cb4185461d9fc468a2af44ea6966b5, type: 3}
      propertyPath: m_LocalRotation.z
      value: -0
      objectReference: {fileID: 0}
    - target: {fileID: 4677611892934072984, guid: 28cb4185461d9fc468a2af44ea6966b5, type: 3}
      propertyPath: m_LocalEulerAnglesHint.x
      value: 0
      objectReference: {fileID: 0}
    - target: {fileID: 4677611892934072984, guid: 28cb4185461d9fc468a2af44ea6966b5, type: 3}
      propertyPath: m_LocalEulerAnglesHint.y
      value: -90.16701
      objectReference: {fileID: 0}
    - target: {fileID: 4677611892934072984, guid: 28cb4185461d9fc468a2af44ea6966b5, type: 3}
      propertyPath: m_LocalEulerAnglesHint.z
      value: 0
      objectReference: {fileID: 0}
    - target: {fileID: 6395695922814000063, guid: 28cb4185461d9fc468a2af44ea6966b5, type: 3}
      propertyPath: m_Layer
      value: 7
      objectReference: {fileID: 0}
    - target: {fileID: 6395695922814000063, guid: 28cb4185461d9fc468a2af44ea6966b5, type: 3}
      propertyPath: m_IsActive
      value: 0
      objectReference: {fileID: 0}
    - target: {fileID: 8552739089209403531, guid: 28cb4185461d9fc468a2af44ea6966b5, type: 3}
      propertyPath: m_Name
      value: P_PROP_lantern_02
      objectReference: {fileID: 0}
    - target: {fileID: 8552739089209403531, guid: 28cb4185461d9fc468a2af44ea6966b5, type: 3}
      propertyPath: m_Layer
      value: 7
      objectReference: {fileID: 0}
    m_RemovedComponents: []
  m_SourcePrefab: {fileID: 100100000, guid: 28cb4185461d9fc468a2af44ea6966b5, type: 3}
--- !u!1 &7199516911897636997 stripped
GameObject:
  m_CorrespondingSourceObject: {fileID: 8552739089209403531, guid: 28cb4185461d9fc468a2af44ea6966b5, type: 3}
  m_PrefabInstance: {fileID: 1538186667003729934}
  m_PrefabAsset: {fileID: 0}
--- !u!4 &6175151577574507158 stripped
Transform:
  m_CorrespondingSourceObject: {fileID: 4677611892934072984, guid: 28cb4185461d9fc468a2af44ea6966b5, type: 3}
  m_PrefabInstance: {fileID: 1538186667003729934}
  m_PrefabAsset: {fileID: 0}
--- !u!1 &5591974378880484273 stripped
GameObject:
  m_CorrespondingSourceObject: {fileID: 6395695922814000063, guid: 28cb4185461d9fc468a2af44ea6966b5, type: 3}
  m_PrefabInstance: {fileID: 1538186667003729934}
  m_PrefabAsset: {fileID: 0}
--- !u!1001 &2200475579368586924
PrefabInstance:
  m_ObjectHideFlags: 0
  serializedVersion: 2
  m_Modification:
    m_TransformParent: {fileID: 4204305097673627552}
    m_Modifications:
    - target: {fileID: 398806270613768478, guid: 0d69fa3600fa7cc4097e932b8516eab7, type: 3}
      propertyPath: m_Name
      value: P_PROP_PLANT_pot_v1_01
      objectReference: {fileID: 0}
    - target: {fileID: 398806270613768478, guid: 0d69fa3600fa7cc4097e932b8516eab7, type: 3}
      propertyPath: m_Layer
      value: 7
      objectReference: {fileID: 0}
    - target: {fileID: 3734471350555196173, guid: 0d69fa3600fa7cc4097e932b8516eab7, type: 3}
      propertyPath: m_RootOrder
      value: 8
      objectReference: {fileID: 0}
    - target: {fileID: 3734471350555196173, guid: 0d69fa3600fa7cc4097e932b8516eab7, type: 3}
      propertyPath: m_LocalScale.x
      value: 1.1665
      objectReference: {fileID: 0}
    - target: {fileID: 3734471350555196173, guid: 0d69fa3600fa7cc4097e932b8516eab7, type: 3}
      propertyPath: m_LocalScale.y
      value: 1.1665
      objectReference: {fileID: 0}
    - target: {fileID: 3734471350555196173, guid: 0d69fa3600fa7cc4097e932b8516eab7, type: 3}
      propertyPath: m_LocalScale.z
      value: 1.1665
      objectReference: {fileID: 0}
    - target: {fileID: 3734471350555196173, guid: 0d69fa3600fa7cc4097e932b8516eab7, type: 3}
      propertyPath: m_LocalPosition.x
      value: 1.083
      objectReference: {fileID: 0}
    - target: {fileID: 3734471350555196173, guid: 0d69fa3600fa7cc4097e932b8516eab7, type: 3}
      propertyPath: m_LocalPosition.y
      value: 2.791
      objectReference: {fileID: 0}
    - target: {fileID: 3734471350555196173, guid: 0d69fa3600fa7cc4097e932b8516eab7, type: 3}
      propertyPath: m_LocalPosition.z
      value: -6.1
      objectReference: {fileID: 0}
    - target: {fileID: 3734471350555196173, guid: 0d69fa3600fa7cc4097e932b8516eab7, type: 3}
      propertyPath: m_LocalRotation.w
      value: 0.9992886
      objectReference: {fileID: 0}
    - target: {fileID: 3734471350555196173, guid: 0d69fa3600fa7cc4097e932b8516eab7, type: 3}
      propertyPath: m_LocalRotation.x
      value: -0.0006970979
      objectReference: {fileID: 0}
    - target: {fileID: 3734471350555196173, guid: 0d69fa3600fa7cc4097e932b8516eab7, type: 3}
      propertyPath: m_LocalRotation.y
      value: -0.023853932
      objectReference: {fileID: 0}
    - target: {fileID: 3734471350555196173, guid: 0d69fa3600fa7cc4097e932b8516eab7, type: 3}
      propertyPath: m_LocalRotation.z
      value: 0.029202819
      objectReference: {fileID: 0}
    - target: {fileID: 3734471350555196173, guid: 0d69fa3600fa7cc4097e932b8516eab7, type: 3}
      propertyPath: m_LocalEulerAnglesHint.x
      value: 0
      objectReference: {fileID: 0}
    - target: {fileID: 3734471350555196173, guid: 0d69fa3600fa7cc4097e932b8516eab7, type: 3}
      propertyPath: m_LocalEulerAnglesHint.y
      value: -2.7350001
      objectReference: {fileID: 0}
    - target: {fileID: 3734471350555196173, guid: 0d69fa3600fa7cc4097e932b8516eab7, type: 3}
      propertyPath: m_LocalEulerAnglesHint.z
      value: 3.348
      objectReference: {fileID: 0}
    m_RemovedComponents: []
  m_SourcePrefab: {fileID: 100100000, guid: 0d69fa3600fa7cc4097e932b8516eab7, type: 3}
--- !u!4 &3267969599258789281 stripped
Transform:
  m_CorrespondingSourceObject: {fileID: 3734471350555196173, guid: 0d69fa3600fa7cc4097e932b8516eab7, type: 3}
  m_PrefabInstance: {fileID: 2200475579368586924}
  m_PrefabAsset: {fileID: 0}
--- !u!1001 &2403166232831064411
PrefabInstance:
  m_ObjectHideFlags: 0
  serializedVersion: 2
  m_Modification:
    m_TransformParent: {fileID: 4204305097673627552}
    m_Modifications:
    - target: {fileID: 6096327202710344797, guid: 54b9ccbe4b2274040862cf3d6a8c1f8c, type: 3}
      propertyPath: m_Name
      value: P_BLD_window_v08_02 (2)
      objectReference: {fileID: 0}
    - target: {fileID: 6096327202710344797, guid: 54b9ccbe4b2274040862cf3d6a8c1f8c, type: 3}
      propertyPath: m_Layer
      value: 7
      objectReference: {fileID: 0}
    - target: {fileID: 6096327202710344797, guid: 54b9ccbe4b2274040862cf3d6a8c1f8c, type: 3}
      propertyPath: m_StaticEditorFlags
      value: 4294967295
      objectReference: {fileID: 0}
    - target: {fileID: 7116207009536353870, guid: 54b9ccbe4b2274040862cf3d6a8c1f8c, type: 3}
      propertyPath: m_RootOrder
      value: 11
      objectReference: {fileID: 0}
    - target: {fileID: 7116207009536353870, guid: 54b9ccbe4b2274040862cf3d6a8c1f8c, type: 3}
      propertyPath: m_LocalScale.x
      value: 1.1665
      objectReference: {fileID: 0}
    - target: {fileID: 7116207009536353870, guid: 54b9ccbe4b2274040862cf3d6a8c1f8c, type: 3}
      propertyPath: m_LocalScale.y
      value: 1.1665
      objectReference: {fileID: 0}
    - target: {fileID: 7116207009536353870, guid: 54b9ccbe4b2274040862cf3d6a8c1f8c, type: 3}
      propertyPath: m_LocalScale.z
      value: 1.1665
      objectReference: {fileID: 0}
    - target: {fileID: 7116207009536353870, guid: 54b9ccbe4b2274040862cf3d6a8c1f8c, type: 3}
      propertyPath: m_LocalPosition.x
      value: 2.449
      objectReference: {fileID: 0}
    - target: {fileID: 7116207009536353870, guid: 54b9ccbe4b2274040862cf3d6a8c1f8c, type: 3}
      propertyPath: m_LocalPosition.y
      value: 3.66
      objectReference: {fileID: 0}
    - target: {fileID: 7116207009536353870, guid: 54b9ccbe4b2274040862cf3d6a8c1f8c, type: 3}
      propertyPath: m_LocalPosition.z
      value: -0.031
      objectReference: {fileID: 0}
    - target: {fileID: 7116207009536353870, guid: 54b9ccbe4b2274040862cf3d6a8c1f8c, type: 3}
      propertyPath: m_LocalRotation.w
      value: 0.7071068
      objectReference: {fileID: 0}
    - target: {fileID: 7116207009536353870, guid: 54b9ccbe4b2274040862cf3d6a8c1f8c, type: 3}
      propertyPath: m_LocalRotation.x
      value: 0
      objectReference: {fileID: 0}
    - target: {fileID: 7116207009536353870, guid: 54b9ccbe4b2274040862cf3d6a8c1f8c, type: 3}
      propertyPath: m_LocalRotation.y
      value: 0.7071068
      objectReference: {fileID: 0}
    - target: {fileID: 7116207009536353870, guid: 54b9ccbe4b2274040862cf3d6a8c1f8c, type: 3}
      propertyPath: m_LocalRotation.z
      value: 0
      objectReference: {fileID: 0}
    - target: {fileID: 7116207009536353870, guid: 54b9ccbe4b2274040862cf3d6a8c1f8c, type: 3}
      propertyPath: m_LocalEulerAnglesHint.x
      value: 0
      objectReference: {fileID: 0}
    - target: {fileID: 7116207009536353870, guid: 54b9ccbe4b2274040862cf3d6a8c1f8c, type: 3}
      propertyPath: m_LocalEulerAnglesHint.y
      value: 90
      objectReference: {fileID: 0}
    - target: {fileID: 7116207009536353870, guid: 54b9ccbe4b2274040862cf3d6a8c1f8c, type: 3}
      propertyPath: m_LocalEulerAnglesHint.z
      value: 0
      objectReference: {fileID: 0}
    m_RemovedComponents: []
  m_SourcePrefab: {fileID: 100100000, guid: 54b9ccbe4b2274040862cf3d6a8c1f8c, type: 3}
--- !u!4 &4870672025268838165 stripped
Transform:
  m_CorrespondingSourceObject: {fileID: 7116207009536353870, guid: 54b9ccbe4b2274040862cf3d6a8c1f8c, type: 3}
  m_PrefabInstance: {fileID: 2403166232831064411}
  m_PrefabAsset: {fileID: 0}
--- !u!1001 &2963415062469669414
PrefabInstance:
  m_ObjectHideFlags: 0
  serializedVersion: 2
  m_Modification:
    m_TransformParent: {fileID: 4204305097673627552}
    m_Modifications:
    - target: {fileID: 204445184531583519, guid: 6f1e96bc3e7e2b14ebb6cca761017ae2, type: 3}
      propertyPath: m_RootOrder
      value: 7
      objectReference: {fileID: 0}
    - target: {fileID: 204445184531583519, guid: 6f1e96bc3e7e2b14ebb6cca761017ae2, type: 3}
      propertyPath: m_LocalPosition.x
      value: -1.88
      objectReference: {fileID: 0}
    - target: {fileID: 204445184531583519, guid: 6f1e96bc3e7e2b14ebb6cca761017ae2, type: 3}
      propertyPath: m_LocalPosition.y
      value: 6.26
      objectReference: {fileID: 0}
    - target: {fileID: 204445184531583519, guid: 6f1e96bc3e7e2b14ebb6cca761017ae2, type: 3}
      propertyPath: m_LocalPosition.z
      value: -1
      objectReference: {fileID: 0}
    - target: {fileID: 204445184531583519, guid: 6f1e96bc3e7e2b14ebb6cca761017ae2, type: 3}
      propertyPath: m_LocalRotation.w
      value: 0.7084235
      objectReference: {fileID: 0}
    - target: {fileID: 204445184531583519, guid: 6f1e96bc3e7e2b14ebb6cca761017ae2, type: 3}
      propertyPath: m_LocalRotation.x
      value: -0
      objectReference: {fileID: 0}
    - target: {fileID: 204445184531583519, guid: 6f1e96bc3e7e2b14ebb6cca761017ae2, type: 3}
      propertyPath: m_LocalRotation.y
      value: 0.7057877
      objectReference: {fileID: 0}
    - target: {fileID: 204445184531583519, guid: 6f1e96bc3e7e2b14ebb6cca761017ae2, type: 3}
      propertyPath: m_LocalRotation.z
      value: -0
      objectReference: {fileID: 0}
    - target: {fileID: 204445184531583519, guid: 6f1e96bc3e7e2b14ebb6cca761017ae2, type: 3}
      propertyPath: m_LocalEulerAnglesHint.x
      value: 0
      objectReference: {fileID: 0}
    - target: {fileID: 204445184531583519, guid: 6f1e96bc3e7e2b14ebb6cca761017ae2, type: 3}
      propertyPath: m_LocalEulerAnglesHint.y
      value: 89.786
      objectReference: {fileID: 0}
    - target: {fileID: 204445184531583519, guid: 6f1e96bc3e7e2b14ebb6cca761017ae2, type: 3}
      propertyPath: m_LocalEulerAnglesHint.z
      value: 0
      objectReference: {fileID: 0}
    - target: {fileID: 3786696154740006924, guid: 6f1e96bc3e7e2b14ebb6cca761017ae2, type: 3}
      propertyPath: m_Name
      value: P_BLD_chimney_v01_03
      objectReference: {fileID: 0}
    - target: {fileID: 3786696154740006924, guid: 6f1e96bc3e7e2b14ebb6cca761017ae2, type: 3}
      propertyPath: m_Layer
      value: 7
      objectReference: {fileID: 0}
    - target: {fileID: 3786696154740006924, guid: 6f1e96bc3e7e2b14ebb6cca761017ae2, type: 3}
      propertyPath: m_StaticEditorFlags
      value: 4294967295
      objectReference: {fileID: 0}
    m_RemovedComponents: []
  m_SourcePrefab: {fileID: 100100000, guid: 6f1e96bc3e7e2b14ebb6cca761017ae2, type: 3}
--- !u!4 &3167859590675079225 stripped
Transform:
  m_CorrespondingSourceObject: {fileID: 204445184531583519, guid: 6f1e96bc3e7e2b14ebb6cca761017ae2, type: 3}
  m_PrefabInstance: {fileID: 2963415062469669414}
  m_PrefabAsset: {fileID: 0}
--- !u!1001 &3629149062645343128
PrefabInstance:
  m_ObjectHideFlags: 0
  serializedVersion: 2
  m_Modification:
    m_TransformParent: {fileID: 4204305097673627552}
    m_Modifications:
    - target: {fileID: 1113610574043134985, guid: 9b11a5c28a631754bb0c3ef621c11d23, type: 3}
      propertyPath: m_Name
      value: P_BLD_window_v07_01
      objectReference: {fileID: 0}
    - target: {fileID: 1113610574043134985, guid: 9b11a5c28a631754bb0c3ef621c11d23, type: 3}
      propertyPath: m_Layer
      value: 7
      objectReference: {fileID: 0}
    - target: {fileID: 1113610574043134985, guid: 9b11a5c28a631754bb0c3ef621c11d23, type: 3}
      propertyPath: m_StaticEditorFlags
      value: 4294967295
      objectReference: {fileID: 0}
    - target: {fileID: 4120528892905868826, guid: 9b11a5c28a631754bb0c3ef621c11d23, type: 3}
      propertyPath: m_RootOrder
      value: 15
      objectReference: {fileID: 0}
    - target: {fileID: 4120528892905868826, guid: 9b11a5c28a631754bb0c3ef621c11d23, type: 3}
      propertyPath: m_LocalPosition.x
      value: -0.011
      objectReference: {fileID: 0}
    - target: {fileID: 4120528892905868826, guid: 9b11a5c28a631754bb0c3ef621c11d23, type: 3}
      propertyPath: m_LocalPosition.y
      value: 8.02
      objectReference: {fileID: 0}
    - target: {fileID: 4120528892905868826, guid: 9b11a5c28a631754bb0c3ef621c11d23, type: 3}
      propertyPath: m_LocalPosition.z
      value: -2.881
      objectReference: {fileID: 0}
    - target: {fileID: 4120528892905868826, guid: 9b11a5c28a631754bb0c3ef621c11d23, type: 3}
      propertyPath: m_LocalRotation.w
      value: 0
      objectReference: {fileID: 0}
    - target: {fileID: 4120528892905868826, guid: 9b11a5c28a631754bb0c3ef621c11d23, type: 3}
      propertyPath: m_LocalRotation.x
      value: 0
      objectReference: {fileID: 0}
    - target: {fileID: 4120528892905868826, guid: 9b11a5c28a631754bb0c3ef621c11d23, type: 3}
      propertyPath: m_LocalRotation.y
      value: 1
      objectReference: {fileID: 0}
    - target: {fileID: 4120528892905868826, guid: 9b11a5c28a631754bb0c3ef621c11d23, type: 3}
      propertyPath: m_LocalRotation.z
      value: 0
      objectReference: {fileID: 0}
    - target: {fileID: 4120528892905868826, guid: 9b11a5c28a631754bb0c3ef621c11d23, type: 3}
      propertyPath: m_LocalEulerAnglesHint.x
      value: 0
      objectReference: {fileID: 0}
    - target: {fileID: 4120528892905868826, guid: 9b11a5c28a631754bb0c3ef621c11d23, type: 3}
      propertyPath: m_LocalEulerAnglesHint.y
      value: 180
      objectReference: {fileID: 0}
    - target: {fileID: 4120528892905868826, guid: 9b11a5c28a631754bb0c3ef621c11d23, type: 3}
      propertyPath: m_LocalEulerAnglesHint.z
      value: 0
      objectReference: {fileID: 0}
    - target: {fileID: 4301188845563738367, guid: 9b11a5c28a631754bb0c3ef621c11d23, type: 3}
      propertyPath: m_Enabled
      value: 0
      objectReference: {fileID: 0}
    m_RemovedComponents: []
  m_SourcePrefab: {fileID: 100100000, guid: 9b11a5c28a631754bb0c3ef621c11d23, type: 3}
--- !u!4 &824823843994054018 stripped
Transform:
  m_CorrespondingSourceObject: {fileID: 4120528892905868826, guid: 9b11a5c28a631754bb0c3ef621c11d23, type: 3}
  m_PrefabInstance: {fileID: 3629149062645343128}
  m_PrefabAsset: {fileID: 0}
--- !u!1001 &3750781535364397822
PrefabInstance:
  m_ObjectHideFlags: 0
  serializedVersion: 2
  m_Modification:
    m_TransformParent: {fileID: 3167859590675079225}
    m_Modifications:
    - target: {fileID: 4706619441694397512, guid: 9ece5b1a8c16cec42b0bf624c20d0c88, type: 3}
      propertyPath: m_Materials.Array.size
      value: 1
      objectReference: {fileID: 0}
    - target: {fileID: 4706619441694397514, guid: 9ece5b1a8c16cec42b0bf624c20d0c88, type: 3}
      propertyPath: m_Layer
      value: 7
      objectReference: {fileID: 0}
    - target: {fileID: 4706619441694397514, guid: 9ece5b1a8c16cec42b0bf624c20d0c88, type: 3}
      propertyPath: m_StaticEditorFlags
      value: 4294967295
      objectReference: {fileID: 0}
    - target: {fileID: 4706619441694397559, guid: 9ece5b1a8c16cec42b0bf624c20d0c88, type: 3}
      propertyPath: prewarm
      value: 0
      objectReference: {fileID: 0}
    - target: {fileID: 4706619443340905144, guid: 9ece5b1a8c16cec42b0bf624c20d0c88, type: 3}
      propertyPath: m_RootOrder
      value: 0
      objectReference: {fileID: 0}
    - target: {fileID: 4706619443340905144, guid: 9ece5b1a8c16cec42b0bf624c20d0c88, type: 3}
      propertyPath: m_LocalPosition.x
      value: 0
      objectReference: {fileID: 0}
    - target: {fileID: 4706619443340905144, guid: 9ece5b1a8c16cec42b0bf624c20d0c88, type: 3}
      propertyPath: m_LocalPosition.y
      value: 3.17
      objectReference: {fileID: 0}
    - target: {fileID: 4706619443340905144, guid: 9ece5b1a8c16cec42b0bf624c20d0c88, type: 3}
      propertyPath: m_LocalPosition.z
      value: 0
      objectReference: {fileID: 0}
    - target: {fileID: 4706619443340905144, guid: 9ece5b1a8c16cec42b0bf624c20d0c88, type: 3}
      propertyPath: m_LocalRotation.w
      value: 1
      objectReference: {fileID: 0}
    - target: {fileID: 4706619443340905144, guid: 9ece5b1a8c16cec42b0bf624c20d0c88, type: 3}
      propertyPath: m_LocalRotation.x
      value: 0
      objectReference: {fileID: 0}
    - target: {fileID: 4706619443340905144, guid: 9ece5b1a8c16cec42b0bf624c20d0c88, type: 3}
      propertyPath: m_LocalRotation.y
      value: 0
      objectReference: {fileID: 0}
    - target: {fileID: 4706619443340905144, guid: 9ece5b1a8c16cec42b0bf624c20d0c88, type: 3}
      propertyPath: m_LocalRotation.z
      value: 0
      objectReference: {fileID: 0}
    - target: {fileID: 4706619443340905144, guid: 9ece5b1a8c16cec42b0bf624c20d0c88, type: 3}
      propertyPath: m_LocalEulerAnglesHint.x
      value: 0
      objectReference: {fileID: 0}
    - target: {fileID: 4706619443340905144, guid: 9ece5b1a8c16cec42b0bf624c20d0c88, type: 3}
      propertyPath: m_LocalEulerAnglesHint.y
      value: 0
      objectReference: {fileID: 0}
    - target: {fileID: 4706619443340905144, guid: 9ece5b1a8c16cec42b0bf624c20d0c88, type: 3}
      propertyPath: m_LocalEulerAnglesHint.z
      value: 0
      objectReference: {fileID: 0}
    - target: {fileID: 4706619443340905145, guid: 9ece5b1a8c16cec42b0bf624c20d0c88, type: 3}
      propertyPath: m_Name
      value: P_FX_steam_big
      objectReference: {fileID: 0}
    - target: {fileID: 4706619443340905145, guid: 9ece5b1a8c16cec42b0bf624c20d0c88, type: 3}
      propertyPath: m_Layer
      value: 7
      objectReference: {fileID: 0}
    - target: {fileID: 4706619443340905145, guid: 9ece5b1a8c16cec42b0bf624c20d0c88, type: 3}
      propertyPath: m_IsActive
      value: 0
      objectReference: {fileID: 0}
    - target: {fileID: 4706619443340905145, guid: 9ece5b1a8c16cec42b0bf624c20d0c88, type: 3}
      propertyPath: m_StaticEditorFlags
      value: 4294967295
      objectReference: {fileID: 0}
    m_RemovedComponents: []
  m_SourcePrefab: {fileID: 100100000, guid: 9ece5b1a8c16cec42b0bf624c20d0c88, type: 3}
--- !u!1 &8456694250249465927 stripped
GameObject:
  m_CorrespondingSourceObject: {fileID: 4706619443340905145, guid: 9ece5b1a8c16cec42b0bf624c20d0c88, type: 3}
  m_PrefabInstance: {fileID: 3750781535364397822}
  m_PrefabAsset: {fileID: 0}
--- !u!1001 &4881063724688510386
PrefabInstance:
  m_ObjectHideFlags: 0
  serializedVersion: 2
  m_Modification:
    m_TransformParent: {fileID: 4204305097673627552}
    m_Modifications:
    - target: {fileID: 1113610574043134985, guid: 9b11a5c28a631754bb0c3ef621c11d23, type: 3}
      propertyPath: m_Name
      value: P_BLD_window_v07_01 (1)
      objectReference: {fileID: 0}
    - target: {fileID: 1113610574043134985, guid: 9b11a5c28a631754bb0c3ef621c11d23, type: 3}
      propertyPath: m_Layer
      value: 7
      objectReference: {fileID: 0}
    - target: {fileID: 1113610574043134985, guid: 9b11a5c28a631754bb0c3ef621c11d23, type: 3}
      propertyPath: m_StaticEditorFlags
      value: 4294967295
      objectReference: {fileID: 0}
    - target: {fileID: 4120528892905868826, guid: 9b11a5c28a631754bb0c3ef621c11d23, type: 3}
      propertyPath: m_RootOrder
      value: 16
      objectReference: {fileID: 0}
    - target: {fileID: 4120528892905868826, guid: 9b11a5c28a631754bb0c3ef621c11d23, type: 3}
      propertyPath: m_LocalPosition.x
      value: -0.011
      objectReference: {fileID: 0}
    - target: {fileID: 4120528892905868826, guid: 9b11a5c28a631754bb0c3ef621c11d23, type: 3}
      propertyPath: m_LocalPosition.y
      value: 8.02
      objectReference: {fileID: 0}
    - target: {fileID: 4120528892905868826, guid: 9b11a5c28a631754bb0c3ef621c11d23, type: 3}
      propertyPath: m_LocalPosition.z
      value: 2.88
      objectReference: {fileID: 0}
    - target: {fileID: 4120528892905868826, guid: 9b11a5c28a631754bb0c3ef621c11d23, type: 3}
      propertyPath: m_LocalRotation.w
      value: 1
      objectReference: {fileID: 0}
    - target: {fileID: 4120528892905868826, guid: 9b11a5c28a631754bb0c3ef621c11d23, type: 3}
      propertyPath: m_LocalRotation.x
      value: 0
      objectReference: {fileID: 0}
    - target: {fileID: 4120528892905868826, guid: 9b11a5c28a631754bb0c3ef621c11d23, type: 3}
      propertyPath: m_LocalRotation.y
      value: 0
      objectReference: {fileID: 0}
    - target: {fileID: 4120528892905868826, guid: 9b11a5c28a631754bb0c3ef621c11d23, type: 3}
      propertyPath: m_LocalRotation.z
      value: 0
      objectReference: {fileID: 0}
    - target: {fileID: 4120528892905868826, guid: 9b11a5c28a631754bb0c3ef621c11d23, type: 3}
      propertyPath: m_LocalEulerAnglesHint.x
      value: 0
      objectReference: {fileID: 0}
    - target: {fileID: 4120528892905868826, guid: 9b11a5c28a631754bb0c3ef621c11d23, type: 3}
      propertyPath: m_LocalEulerAnglesHint.y
      value: 0
      objectReference: {fileID: 0}
    - target: {fileID: 4120528892905868826, guid: 9b11a5c28a631754bb0c3ef621c11d23, type: 3}
      propertyPath: m_LocalEulerAnglesHint.z
      value: 0
      objectReference: {fileID: 0}
    - target: {fileID: 4301188845563738367, guid: 9b11a5c28a631754bb0c3ef621c11d23, type: 3}
      propertyPath: m_Enabled
      value: 0
      objectReference: {fileID: 0}
    m_RemovedComponents: []
  m_SourcePrefab: {fileID: 100100000, guid: 9b11a5c28a631754bb0c3ef621c11d23, type: 3}
--- !u!4 &8832133548387976104 stripped
Transform:
  m_CorrespondingSourceObject: {fileID: 4120528892905868826, guid: 9b11a5c28a631754bb0c3ef621c11d23, type: 3}
  m_PrefabInstance: {fileID: 4881063724688510386}
  m_PrefabAsset: {fileID: 0}
--- !u!1001 &5344323201435905792
PrefabInstance:
  m_ObjectHideFlags: 0
  serializedVersion: 2
  m_Modification:
    m_TransformParent: {fileID: 4204305097673627552}
    m_Modifications:
    - target: {fileID: 739507362113250313, guid: e714851b0b463e24bbd371e409085767, type: 3}
      propertyPath: m_Name
      value: P_BLD_window_v09_04
      objectReference: {fileID: 0}
    - target: {fileID: 739507362113250313, guid: e714851b0b463e24bbd371e409085767, type: 3}
      propertyPath: m_Layer
      value: 7
      objectReference: {fileID: 0}
    - target: {fileID: 739507362113250313, guid: e714851b0b463e24bbd371e409085767, type: 3}
      propertyPath: m_StaticEditorFlags
      value: 4294967295
      objectReference: {fileID: 0}
    - target: {fileID: 4330241690403935770, guid: e714851b0b463e24bbd371e409085767, type: 3}
      propertyPath: m_RootOrder
      value: 12
      objectReference: {fileID: 0}
    - target: {fileID: 4330241690403935770, guid: e714851b0b463e24bbd371e409085767, type: 3}
      propertyPath: m_LocalPosition.x
      value: 0.951
      objectReference: {fileID: 0}
    - target: {fileID: 4330241690403935770, guid: e714851b0b463e24bbd371e409085767, type: 3}
      propertyPath: m_LocalPosition.y
      value: 0.381
      objectReference: {fileID: 0}
    - target: {fileID: 4330241690403935770, guid: e714851b0b463e24bbd371e409085767, type: 3}
      propertyPath: m_LocalPosition.z
      value: 2.958
      objectReference: {fileID: 0}
    - target: {fileID: 4330241690403935770, guid: e714851b0b463e24bbd371e409085767, type: 3}
      propertyPath: m_LocalRotation.w
      value: 1
      objectReference: {fileID: 0}
    - target: {fileID: 4330241690403935770, guid: e714851b0b463e24bbd371e409085767, type: 3}
      propertyPath: m_LocalRotation.x
      value: 0
      objectReference: {fileID: 0}
    - target: {fileID: 4330241690403935770, guid: e714851b0b463e24bbd371e409085767, type: 3}
      propertyPath: m_LocalRotation.y
      value: -0
      objectReference: {fileID: 0}
    - target: {fileID: 4330241690403935770, guid: e714851b0b463e24bbd371e409085767, type: 3}
      propertyPath: m_LocalRotation.z
      value: -0
      objectReference: {fileID: 0}
    - target: {fileID: 4330241690403935770, guid: e714851b0b463e24bbd371e409085767, type: 3}
      propertyPath: m_LocalEulerAnglesHint.x
      value: 0
      objectReference: {fileID: 0}
    - target: {fileID: 4330241690403935770, guid: e714851b0b463e24bbd371e409085767, type: 3}
      propertyPath: m_LocalEulerAnglesHint.y
      value: 0
      objectReference: {fileID: 0}
    - target: {fileID: 4330241690403935770, guid: e714851b0b463e24bbd371e409085767, type: 3}
      propertyPath: m_LocalEulerAnglesHint.z
      value: 0
      objectReference: {fileID: 0}
    m_RemovedComponents: []
  m_SourcePrefab: {fileID: 100100000, guid: e714851b0b463e24bbd371e409085767, type: 3}
--- !u!4 &8517083687813789978 stripped
Transform:
  m_CorrespondingSourceObject: {fileID: 4330241690403935770, guid: e714851b0b463e24bbd371e409085767, type: 3}
  m_PrefabInstance: {fileID: 5344323201435905792}
  m_PrefabAsset: {fileID: 0}
--- !u!1001 &5793899649721445029
PrefabInstance:
  m_ObjectHideFlags: 0
  serializedVersion: 2
  m_Modification:
    m_TransformParent: {fileID: 4204305097673627552}
    m_Modifications:
    - target: {fileID: 503684509807171194, guid: 7374fdae9627647429a11e5ccfc26427, type: 3}
      propertyPath: m_Name
      value: P_BLD_beam_small_v04_02
      objectReference: {fileID: 0}
    - target: {fileID: 503684509807171194, guid: 7374fdae9627647429a11e5ccfc26427, type: 3}
      propertyPath: m_Layer
      value: 7
      objectReference: {fileID: 0}
    - target: {fileID: 503684509807171194, guid: 7374fdae9627647429a11e5ccfc26427, type: 3}
      propertyPath: m_StaticEditorFlags
      value: 4294967295
      objectReference: {fileID: 0}
    - target: {fileID: 3505537448328995945, guid: 7374fdae9627647429a11e5ccfc26427, type: 3}
      propertyPath: m_RootOrder
      value: 6
      objectReference: {fileID: 0}
    - target: {fileID: 3505537448328995945, guid: 7374fdae9627647429a11e5ccfc26427, type: 3}
      propertyPath: m_LocalScale.x
      value: 0.31492338
      objectReference: {fileID: 0}
    - target: {fileID: 3505537448328995945, guid: 7374fdae9627647429a11e5ccfc26427, type: 3}
      propertyPath: m_LocalScale.y
      value: 0.31492338
      objectReference: {fileID: 0}
    - target: {fileID: 3505537448328995945, guid: 7374fdae9627647429a11e5ccfc26427, type: 3}
      propertyPath: m_LocalScale.z
      value: 0.31492338
      objectReference: {fileID: 0}
    - target: {fileID: 3505537448328995945, guid: 7374fdae9627647429a11e5ccfc26427, type: 3}
      propertyPath: m_LocalPosition.x
      value: 2.183
      objectReference: {fileID: 0}
    - target: {fileID: 3505537448328995945, guid: 7374fdae9627647429a11e5ccfc26427, type: 3}
      propertyPath: m_LocalPosition.y
      value: 4.8
      objectReference: {fileID: 0}
    - target: {fileID: 3505537448328995945, guid: 7374fdae9627647429a11e5ccfc26427, type: 3}
      propertyPath: m_LocalPosition.z
      value: -2.828
      objectReference: {fileID: 0}
    - target: {fileID: 3505537448328995945, guid: 7374fdae9627647429a11e5ccfc26427, type: 3}
      propertyPath: m_LocalRotation.w
      value: 0.048679408
      objectReference: {fileID: 0}
    - target: {fileID: 3505537448328995945, guid: 7374fdae9627647429a11e5ccfc26427, type: 3}
      propertyPath: m_LocalRotation.x
      value: -0
      objectReference: {fileID: 0}
    - target: {fileID: 3505537448328995945, guid: 7374fdae9627647429a11e5ccfc26427, type: 3}
      propertyPath: m_LocalRotation.y
      value: 0.99881446
      objectReference: {fileID: 0}
    - target: {fileID: 3505537448328995945, guid: 7374fdae9627647429a11e5ccfc26427, type: 3}
      propertyPath: m_LocalRotation.z
      value: -0
      objectReference: {fileID: 0}
    - target: {fileID: 3505537448328995945, guid: 7374fdae9627647429a11e5ccfc26427, type: 3}
      propertyPath: m_LocalEulerAnglesHint.x
      value: 0
      objectReference: {fileID: 0}
    - target: {fileID: 3505537448328995945, guid: 7374fdae9627647429a11e5ccfc26427, type: 3}
      propertyPath: m_LocalEulerAnglesHint.y
      value: 174.42001
      objectReference: {fileID: 0}
    - target: {fileID: 3505537448328995945, guid: 7374fdae9627647429a11e5ccfc26427, type: 3}
      propertyPath: m_LocalEulerAnglesHint.z
      value: 0
      objectReference: {fileID: 0}
    m_RemovedComponents: []
  m_SourcePrefab: {fileID: 100100000, guid: 7374fdae9627647429a11e5ccfc26427, type: 3}
--- !u!4 &6975577420960272076 stripped
Transform:
  m_CorrespondingSourceObject: {fileID: 3505537448328995945, guid: 7374fdae9627647429a11e5ccfc26427, type: 3}
  m_PrefabInstance: {fileID: 5793899649721445029}
  m_PrefabAsset: {fileID: 0}
--- !u!1001 &6073385457927332056
PrefabInstance:
  m_ObjectHideFlags: 0
  serializedVersion: 2
  m_Modification:
    m_TransformParent: {fileID: 4204305097673627552}
    m_Modifications:
    - target: {fileID: 2208507345892614217, guid: 879bd87867fe540418cefdcc404e9829, type: 3}
      propertyPath: m_RootOrder
      value: 1
      objectReference: {fileID: 0}
    - target: {fileID: 2208507345892614217, guid: 879bd87867fe540418cefdcc404e9829, type: 3}
      propertyPath: m_LocalPosition.x
      value: 2.701
      objectReference: {fileID: 0}
    - target: {fileID: 2208507345892614217, guid: 879bd87867fe540418cefdcc404e9829, type: 3}
      propertyPath: m_LocalPosition.y
      value: 0.041
      objectReference: {fileID: 0}
    - target: {fileID: 2208507345892614217, guid: 879bd87867fe540418cefdcc404e9829, type: 3}
      propertyPath: m_LocalPosition.z
      value: -3.717
      objectReference: {fileID: 0}
    - target: {fileID: 2208507345892614217, guid: 879bd87867fe540418cefdcc404e9829, type: 3}
      propertyPath: m_LocalRotation.w
      value: 0.7071068
      objectReference: {fileID: 0}
    - target: {fileID: 2208507345892614217, guid: 879bd87867fe540418cefdcc404e9829, type: 3}
      propertyPath: m_LocalRotation.x
      value: 0
      objectReference: {fileID: 0}
    - target: {fileID: 2208507345892614217, guid: 879bd87867fe540418cefdcc404e9829, type: 3}
      propertyPath: m_LocalRotation.y
      value: 0.7071068
      objectReference: {fileID: 0}
    - target: {fileID: 2208507345892614217, guid: 879bd87867fe540418cefdcc404e9829, type: 3}
      propertyPath: m_LocalRotation.z
      value: 0
      objectReference: {fileID: 0}
    - target: {fileID: 2208507345892614217, guid: 879bd87867fe540418cefdcc404e9829, type: 3}
      propertyPath: m_LocalEulerAnglesHint.x
      value: 0
      objectReference: {fileID: 0}
    - target: {fileID: 2208507345892614217, guid: 879bd87867fe540418cefdcc404e9829, type: 3}
      propertyPath: m_LocalEulerAnglesHint.y
      value: 90
      objectReference: {fileID: 0}
    - target: {fileID: 2208507345892614217, guid: 879bd87867fe540418cefdcc404e9829, type: 3}
      propertyPath: m_LocalEulerAnglesHint.z
      value: 0
      objectReference: {fileID: 0}
    - target: {fileID: 2953631701618905690, guid: 879bd87867fe540418cefdcc404e9829, type: 3}
      propertyPath: m_Name
      value: P_BLD_door_v04_01
      objectReference: {fileID: 0}
    - target: {fileID: 2953631701618905690, guid: 879bd87867fe540418cefdcc404e9829, type: 3}
      propertyPath: m_Layer
      value: 7
      objectReference: {fileID: 0}
    - target: {fileID: 2953631701618905690, guid: 879bd87867fe540418cefdcc404e9829, type: 3}
      propertyPath: m_TagString
      value: Home
      objectReference: {fileID: 0}
    - target: {fileID: 2953631701618905690, guid: 879bd87867fe540418cefdcc404e9829, type: 3}
      propertyPath: m_StaticEditorFlags
      value: 4294967295
      objectReference: {fileID: 0}
    m_RemovedComponents: []
  m_SourcePrefab: {fileID: 100100000, guid: 879bd87867fe540418cefdcc404e9829, type: 3}
--- !u!4 &5399479912963571857 stripped
Transform:
  m_CorrespondingSourceObject: {fileID: 2208507345892614217, guid: 879bd87867fe540418cefdcc404e9829, type: 3}
  m_PrefabInstance: {fileID: 6073385457927332056}
  m_PrefabAsset: {fileID: 0}
--- !u!1 &8986255239302345346 stripped
GameObject:
  m_CorrespondingSourceObject: {fileID: 2953631701618905690, guid: 879bd87867fe540418cefdcc404e9829, type: 3}
  m_PrefabInstance: {fileID: 6073385457927332056}
  m_PrefabAsset: {fileID: 0}
--- !u!1001 &6132650833140381674
PrefabInstance:
  m_ObjectHideFlags: 0
  serializedVersion: 2
  m_Modification:
    m_TransformParent: {fileID: 4204305097673627552}
    m_Modifications:
    - target: {fileID: 5359063864723307488, guid: 5a08b8fcbbeae3a4ea70de0759a52101, type: 3}
      propertyPath: m_RootOrder
      value: 2
      objectReference: {fileID: 0}
    - target: {fileID: 5359063864723307488, guid: 5a08b8fcbbeae3a4ea70de0759a52101, type: 3}
      propertyPath: m_LocalPosition.x
      value: -0
      objectReference: {fileID: 0}
    - target: {fileID: 5359063864723307488, guid: 5a08b8fcbbeae3a4ea70de0759a52101, type: 3}
      propertyPath: m_LocalPosition.y
      value: 2
      objectReference: {fileID: 0}
    - target: {fileID: 5359063864723307488, guid: 5a08b8fcbbeae3a4ea70de0759a52101, type: 3}
      propertyPath: m_LocalPosition.z
      value: 0
      objectReference: {fileID: 0}
    - target: {fileID: 5359063864723307488, guid: 5a08b8fcbbeae3a4ea70de0759a52101, type: 3}
      propertyPath: m_LocalRotation.w
      value: 1
      objectReference: {fileID: 0}
    - target: {fileID: 5359063864723307488, guid: 5a08b8fcbbeae3a4ea70de0759a52101, type: 3}
      propertyPath: m_LocalRotation.x
      value: 0
      objectReference: {fileID: 0}
    - target: {fileID: 5359063864723307488, guid: 5a08b8fcbbeae3a4ea70de0759a52101, type: 3}
      propertyPath: m_LocalRotation.y
      value: -0
      objectReference: {fileID: 0}
    - target: {fileID: 5359063864723307488, guid: 5a08b8fcbbeae3a4ea70de0759a52101, type: 3}
      propertyPath: m_LocalRotation.z
      value: -0
      objectReference: {fileID: 0}
    - target: {fileID: 5359063864723307488, guid: 5a08b8fcbbeae3a4ea70de0759a52101, type: 3}
      propertyPath: m_LocalEulerAnglesHint.x
      value: 0
      objectReference: {fileID: 0}
    - target: {fileID: 5359063864723307488, guid: 5a08b8fcbbeae3a4ea70de0759a52101, type: 3}
      propertyPath: m_LocalEulerAnglesHint.y
      value: 0
      objectReference: {fileID: 0}
    - target: {fileID: 5359063864723307488, guid: 5a08b8fcbbeae3a4ea70de0759a52101, type: 3}
      propertyPath: m_LocalEulerAnglesHint.z
      value: 0
      objectReference: {fileID: 0}
    - target: {fileID: 6881276453761905252, guid: 5a08b8fcbbeae3a4ea70de0759a52101, type: 3}
      propertyPath: m_Enabled
      value: 1
      objectReference: {fileID: 0}
    - target: {fileID: 8936375217972840947, guid: 5a08b8fcbbeae3a4ea70de0759a52101, type: 3}
      propertyPath: m_Name
      value: P_BLD_body_v03_01
      objectReference: {fileID: 0}
    - target: {fileID: 8936375217972840947, guid: 5a08b8fcbbeae3a4ea70de0759a52101, type: 3}
      propertyPath: m_Layer
      value: 7
      objectReference: {fileID: 0}
    - target: {fileID: 8936375217972840947, guid: 5a08b8fcbbeae3a4ea70de0759a52101, type: 3}
      propertyPath: m_StaticEditorFlags
      value: 4294967295
      objectReference: {fileID: 0}
    m_RemovedComponents: []
  m_SourcePrefab: {fileID: 100100000, guid: 5a08b8fcbbeae3a4ea70de0759a52101, type: 3}
--- !u!4 &2253125007752498186 stripped
Transform:
  m_CorrespondingSourceObject: {fileID: 5359063864723307488, guid: 5a08b8fcbbeae3a4ea70de0759a52101, type: 3}
  m_PrefabInstance: {fileID: 6132650833140381674}
  m_PrefabAsset: {fileID: 0}
--- !u!1001 &6478310509162827961
PrefabInstance:
  m_ObjectHideFlags: 0
  serializedVersion: 2
  m_Modification:
    m_TransformParent: {fileID: 4204305097673627552}
    m_Modifications:
    - target: {fileID: 1262202589117851530, guid: 4a408e52056d7a34596009e55c9c37b2, type: 3}
      propertyPath: m_RootOrder
      value: 14
      objectReference: {fileID: 0}
    - target: {fileID: 1262202589117851530, guid: 4a408e52056d7a34596009e55c9c37b2, type: 3}
      propertyPath: m_LocalPosition.x
      value: 2.96
      objectReference: {fileID: 0}
    - target: {fileID: 1262202589117851530, guid: 4a408e52056d7a34596009e55c9c37b2, type: 3}
      propertyPath: m_LocalPosition.y
      value: 6.73
      objectReference: {fileID: 0}
    - target: {fileID: 1262202589117851530, guid: 4a408e52056d7a34596009e55c9c37b2, type: 3}
      propertyPath: m_LocalPosition.z
      value: 0.14
      objectReference: {fileID: 0}
    - target: {fileID: 1262202589117851530, guid: 4a408e52056d7a34596009e55c9c37b2, type: 3}
      propertyPath: m_LocalRotation.w
      value: 0.7071068
      objectReference: {fileID: 0}
    - target: {fileID: 1262202589117851530, guid: 4a408e52056d7a34596009e55c9c37b2, type: 3}
      propertyPath: m_LocalRotation.x
      value: 0
      objectReference: {fileID: 0}
    - target: {fileID: 1262202589117851530, guid: 4a408e52056d7a34596009e55c9c37b2, type: 3}
      propertyPath: m_LocalRotation.y
      value: 0.7071068
      objectReference: {fileID: 0}
    - target: {fileID: 1262202589117851530, guid: 4a408e52056d7a34596009e55c9c37b2, type: 3}
      propertyPath: m_LocalRotation.z
      value: 0
      objectReference: {fileID: 0}
    - target: {fileID: 1262202589117851530, guid: 4a408e52056d7a34596009e55c9c37b2, type: 3}
      propertyPath: m_LocalEulerAnglesHint.x
      value: 0
      objectReference: {fileID: 0}
    - target: {fileID: 1262202589117851530, guid: 4a408e52056d7a34596009e55c9c37b2, type: 3}
      propertyPath: m_LocalEulerAnglesHint.y
      value: 90
      objectReference: {fileID: 0}
    - target: {fileID: 1262202589117851530, guid: 4a408e52056d7a34596009e55c9c37b2, type: 3}
      propertyPath: m_LocalEulerAnglesHint.z
      value: 0
      objectReference: {fileID: 0}
    - target: {fileID: 2873128654028952985, guid: 4a408e52056d7a34596009e55c9c37b2, type: 3}
      propertyPath: m_Name
      value: P_BLD_window_v03_01
      objectReference: {fileID: 0}
    - target: {fileID: 2873128654028952985, guid: 4a408e52056d7a34596009e55c9c37b2, type: 3}
      propertyPath: m_Layer
      value: 7
      objectReference: {fileID: 0}
    - target: {fileID: 2873128654028952985, guid: 4a408e52056d7a34596009e55c9c37b2, type: 3}
      propertyPath: m_StaticEditorFlags
      value: 4294967295
      objectReference: {fileID: 0}
    m_RemovedComponents: []
  m_SourcePrefab: {fileID: 100100000, guid: 4a408e52056d7a34596009e55c9c37b2, type: 3}
--- !u!4 &5216201379494115123 stripped
Transform:
  m_CorrespondingSourceObject: {fileID: 1262202589117851530, guid: 4a408e52056d7a34596009e55c9c37b2, type: 3}
  m_PrefabInstance: {fileID: 6478310509162827961}
  m_PrefabAsset: {fileID: 0}
--- !u!1001 &7335663277210381904
PrefabInstance:
  m_ObjectHideFlags: 0
  serializedVersion: 2
  m_Modification:
    m_TransformParent: {fileID: 4204305097673627552}
    m_Modifications:
    - target: {fileID: 1547818514608693439, guid: d373a2535863d4f4fa91a97cb91d5f3d, type: 3}
      propertyPath: m_RootOrder
      value: 13
      objectReference: {fileID: 0}
    - target: {fileID: 1547818514608693439, guid: d373a2535863d4f4fa91a97cb91d5f3d, type: 3}
      propertyPath: m_LocalPosition.x
      value: -0
      objectReference: {fileID: 0}
    - target: {fileID: 1547818514608693439, guid: d373a2535863d4f4fa91a97cb91d5f3d, type: 3}
      propertyPath: m_LocalPosition.y
      value: 3.46
      objectReference: {fileID: 0}
    - target: {fileID: 1547818514608693439, guid: d373a2535863d4f4fa91a97cb91d5f3d, type: 3}
      propertyPath: m_LocalPosition.z
      value: 3.46
      objectReference: {fileID: 0}
    - target: {fileID: 1547818514608693439, guid: d373a2535863d4f4fa91a97cb91d5f3d, type: 3}
      propertyPath: m_LocalRotation.w
      value: 1
      objectReference: {fileID: 0}
    - target: {fileID: 1547818514608693439, guid: d373a2535863d4f4fa91a97cb91d5f3d, type: 3}
      propertyPath: m_LocalRotation.x
      value: 0
      objectReference: {fileID: 0}
    - target: {fileID: 1547818514608693439, guid: d373a2535863d4f4fa91a97cb91d5f3d, type: 3}
      propertyPath: m_LocalRotation.y
      value: -0
      objectReference: {fileID: 0}
    - target: {fileID: 1547818514608693439, guid: d373a2535863d4f4fa91a97cb91d5f3d, type: 3}
      propertyPath: m_LocalRotation.z
      value: -0
      objectReference: {fileID: 0}
    - target: {fileID: 1547818514608693439, guid: d373a2535863d4f4fa91a97cb91d5f3d, type: 3}
      propertyPath: m_LocalEulerAnglesHint.x
      value: 0
      objectReference: {fileID: 0}
    - target: {fileID: 1547818514608693439, guid: d373a2535863d4f4fa91a97cb91d5f3d, type: 3}
      propertyPath: m_LocalEulerAnglesHint.y
      value: 0
      objectReference: {fileID: 0}
    - target: {fileID: 1547818514608693439, guid: d373a2535863d4f4fa91a97cb91d5f3d, type: 3}
      propertyPath: m_LocalEulerAnglesHint.z
      value: 0
      objectReference: {fileID: 0}
    - target: {fileID: 2531495118814368428, guid: d373a2535863d4f4fa91a97cb91d5f3d, type: 3}
      propertyPath: m_Name
      value: P_BLD_window_v01_01
      objectReference: {fileID: 0}
    - target: {fileID: 2531495118814368428, guid: d373a2535863d4f4fa91a97cb91d5f3d, type: 3}
      propertyPath: m_Layer
      value: 7
      objectReference: {fileID: 0}
    - target: {fileID: 2531495118814368428, guid: d373a2535863d4f4fa91a97cb91d5f3d, type: 3}
      propertyPath: m_StaticEditorFlags
      value: 4294967295
      objectReference: {fileID: 0}
    m_RemovedComponents: []
  m_SourcePrefab: {fileID: 100100000, guid: d373a2535863d4f4fa91a97cb91d5f3d, type: 3}
--- !u!4 &8122090605292981999 stripped
Transform:
  m_CorrespondingSourceObject: {fileID: 1547818514608693439, guid: d373a2535863d4f4fa91a97cb91d5f3d, type: 3}
  m_PrefabInstance: {fileID: 7335663277210381904}
  m_PrefabAsset: {fileID: 0}
--- !u!1001 &7931517314641680334
PrefabInstance:
  m_ObjectHideFlags: 0
  serializedVersion: 2
  m_Modification:
    m_TransformParent: {fileID: 4204305097673627552}
    m_Modifications:
    - target: {fileID: 6096327202710344797, guid: 54b9ccbe4b2274040862cf3d6a8c1f8c, type: 3}
      propertyPath: m_Name
      value: P_BLD_window_v08_02
      objectReference: {fileID: 0}
    - target: {fileID: 6096327202710344797, guid: 54b9ccbe4b2274040862cf3d6a8c1f8c, type: 3}
      propertyPath: m_Layer
      value: 7
      objectReference: {fileID: 0}
    - target: {fileID: 6096327202710344797, guid: 54b9ccbe4b2274040862cf3d6a8c1f8c, type: 3}
      propertyPath: m_StaticEditorFlags
      value: 4294967295
      objectReference: {fileID: 0}
    - target: {fileID: 7116207009536353870, guid: 54b9ccbe4b2274040862cf3d6a8c1f8c, type: 3}
      propertyPath: m_RootOrder
      value: 9
      objectReference: {fileID: 0}
    - target: {fileID: 7116207009536353870, guid: 54b9ccbe4b2274040862cf3d6a8c1f8c, type: 3}
      propertyPath: m_LocalScale.x
      value: 1.1665
      objectReference: {fileID: 0}
    - target: {fileID: 7116207009536353870, guid: 54b9ccbe4b2274040862cf3d6a8c1f8c, type: 3}
      propertyPath: m_LocalScale.y
      value: 1.1665
      objectReference: {fileID: 0}
    - target: {fileID: 7116207009536353870, guid: 54b9ccbe4b2274040862cf3d6a8c1f8c, type: 3}
      propertyPath: m_LocalScale.z
      value: 1.1665
      objectReference: {fileID: 0}
    - target: {fileID: 7116207009536353870, guid: 54b9ccbe4b2274040862cf3d6a8c1f8c, type: 3}
      propertyPath: m_LocalPosition.x
      value: -0.95
      objectReference: {fileID: 0}
    - target: {fileID: 7116207009536353870, guid: 54b9ccbe4b2274040862cf3d6a8c1f8c, type: 3}
      propertyPath: m_LocalPosition.y
      value: 3.66
      objectReference: {fileID: 0}
    - target: {fileID: 7116207009536353870, guid: 54b9ccbe4b2274040862cf3d6a8c1f8c, type: 3}
      propertyPath: m_LocalPosition.z
      value: -2.671
      objectReference: {fileID: 0}
    - target: {fileID: 7116207009536353870, guid: 54b9ccbe4b2274040862cf3d6a8c1f8c, type: 3}
      propertyPath: m_LocalRotation.w
      value: 0
      objectReference: {fileID: 0}
    - target: {fileID: 7116207009536353870, guid: 54b9ccbe4b2274040862cf3d6a8c1f8c, type: 3}
      propertyPath: m_LocalRotation.x
      value: 0
      objectReference: {fileID: 0}
    - target: {fileID: 7116207009536353870, guid: 54b9ccbe4b2274040862cf3d6a8c1f8c, type: 3}
      propertyPath: m_LocalRotation.y
      value: 1
      objectReference: {fileID: 0}
    - target: {fileID: 7116207009536353870, guid: 54b9ccbe4b2274040862cf3d6a8c1f8c, type: 3}
      propertyPath: m_LocalRotation.z
      value: 0
      objectReference: {fileID: 0}
    - target: {fileID: 7116207009536353870, guid: 54b9ccbe4b2274040862cf3d6a8c1f8c, type: 3}
      propertyPath: m_LocalEulerAnglesHint.x
      value: 0
      objectReference: {fileID: 0}
    - target: {fileID: 7116207009536353870, guid: 54b9ccbe4b2274040862cf3d6a8c1f8c, type: 3}
      propertyPath: m_LocalEulerAnglesHint.y
      value: 180
      objectReference: {fileID: 0}
    - target: {fileID: 7116207009536353870, guid: 54b9ccbe4b2274040862cf3d6a8c1f8c, type: 3}
      propertyPath: m_LocalEulerAnglesHint.z
      value: 0
      objectReference: {fileID: 0}
    m_RemovedComponents: []
  m_SourcePrefab: {fileID: 100100000, guid: 54b9ccbe4b2274040862cf3d6a8c1f8c, type: 3}
--- !u!4 &924276325951009152 stripped
Transform:
  m_CorrespondingSourceObject: {fileID: 7116207009536353870, guid: 54b9ccbe4b2274040862cf3d6a8c1f8c, type: 3}
  m_PrefabInstance: {fileID: 7931517314641680334}
  m_PrefabAsset: {fileID: 0}
--- !u!1001 &8531901332920618041
PrefabInstance:
  m_ObjectHideFlags: 0
  serializedVersion: 2
  m_Modification:
    m_TransformParent: {fileID: 4204305097673627552}
    m_Modifications:
    - target: {fileID: 6812526597826267968, guid: c1725c8f926b2e245ae535c46c9082ca, type: 3}
      propertyPath: m_RootOrder
      value: 0
      objectReference: {fileID: 0}
    - target: {fileID: 6812526597826267968, guid: c1725c8f926b2e245ae535c46c9082ca, type: 3}
      propertyPath: m_LocalPosition.x
      value: 1.04
      objectReference: {fileID: 0}
    - target: {fileID: 6812526597826267968, guid: c1725c8f926b2e245ae535c46c9082ca, type: 3}
      propertyPath: m_LocalPosition.y
      value: 2.16
      objectReference: {fileID: 0}
    - target: {fileID: 6812526597826267968, guid: c1725c8f926b2e245ae535c46c9082ca, type: 3}
      propertyPath: m_LocalPosition.z
      value: -2.77
      objectReference: {fileID: 0}
    - target: {fileID: 6812526597826267968, guid: c1725c8f926b2e245ae535c46c9082ca, type: 3}
      propertyPath: m_LocalRotation.w
      value: 0
      objectReference: {fileID: 0}
    - target: {fileID: 6812526597826267968, guid: c1725c8f926b2e245ae535c46c9082ca, type: 3}
      propertyPath: m_LocalRotation.x
      value: -0
      objectReference: {fileID: 0}
    - target: {fileID: 6812526597826267968, guid: c1725c8f926b2e245ae535c46c9082ca, type: 3}
      propertyPath: m_LocalRotation.y
      value: 1
      objectReference: {fileID: 0}
    - target: {fileID: 6812526597826267968, guid: c1725c8f926b2e245ae535c46c9082ca, type: 3}
      propertyPath: m_LocalRotation.z
      value: -0
      objectReference: {fileID: 0}
    - target: {fileID: 6812526597826267968, guid: c1725c8f926b2e245ae535c46c9082ca, type: 3}
      propertyPath: m_LocalEulerAnglesHint.x
      value: 0
      objectReference: {fileID: 0}
    - target: {fileID: 6812526597826267968, guid: c1725c8f926b2e245ae535c46c9082ca, type: 3}
      propertyPath: m_LocalEulerAnglesHint.y
      value: 0
      objectReference: {fileID: 0}
    - target: {fileID: 6812526597826267968, guid: c1725c8f926b2e245ae535c46c9082ca, type: 3}
      propertyPath: m_LocalEulerAnglesHint.z
      value: 0
      objectReference: {fileID: 0}
    - target: {fileID: 7553008266691950931, guid: c1725c8f926b2e245ae535c46c9082ca, type: 3}
      propertyPath: m_Name
      value: P_BLD_door_v03_01
      objectReference: {fileID: 0}
    - target: {fileID: 7553008266691950931, guid: c1725c8f926b2e245ae535c46c9082ca, type: 3}
      propertyPath: m_Layer
      value: 7
      objectReference: {fileID: 0}
    - target: {fileID: 7553008266691950931, guid: c1725c8f926b2e245ae535c46c9082ca, type: 3}
      propertyPath: m_TagString
      value: Home
      objectReference: {fileID: 0}
    - target: {fileID: 7553008266691950931, guid: c1725c8f926b2e245ae535c46c9082ca, type: 3}
      propertyPath: m_StaticEditorFlags
      value: 4294967295
      objectReference: {fileID: 0}
    m_RemovedComponents: []
  m_SourcePrefab: {fileID: 100100000, guid: c1725c8f926b2e245ae535c46c9082ca, type: 3}
--- !u!1 &2213178431307871594 stripped
GameObject:
  m_CorrespondingSourceObject: {fileID: 7553008266691950931, guid: c1725c8f926b2e245ae535c46c9082ca, type: 3}
  m_PrefabInstance: {fileID: 8531901332920618041}
  m_PrefabAsset: {fileID: 0}
--- !u!4 &2949175879424509817 stripped
Transform:
  m_CorrespondingSourceObject: {fileID: 6812526597826267968, guid: c1725c8f926b2e245ae535c46c9082ca, type: 3}
  m_PrefabInstance: {fileID: 8531901332920618041}
  m_PrefabAsset: {fileID: 0}
--- !u!1001 &9112995546529523093
PrefabInstance:
  m_ObjectHideFlags: 0
  serializedVersion: 2
  m_Modification:
    m_TransformParent: {fileID: 4204305097673627552}
    m_Modifications:
    - target: {fileID: 4882534052281985080, guid: d959f8f2a6a3d0e448d2d8abeaf1a98a, type: 3}
      propertyPath: m_RootOrder
      value: 3
      objectReference: {fileID: 0}
    - target: {fileID: 4882534052281985080, guid: d959f8f2a6a3d0e448d2d8abeaf1a98a, type: 3}
      propertyPath: m_LocalPosition.x
      value: 0
      objectReference: {fileID: 0}
    - target: {fileID: 4882534052281985080, guid: d959f8f2a6a3d0e448d2d8abeaf1a98a, type: 3}
      propertyPath: m_LocalPosition.y
      value: 0
      objectReference: {fileID: 0}
    - target: {fileID: 4882534052281985080, guid: d959f8f2a6a3d0e448d2d8abeaf1a98a, type: 3}
      propertyPath: m_LocalPosition.z
      value: 0
      objectReference: {fileID: 0}
    - target: {fileID: 4882534052281985080, guid: d959f8f2a6a3d0e448d2d8abeaf1a98a, type: 3}
      propertyPath: m_LocalRotation.w
      value: 1
      objectReference: {fileID: 0}
    - target: {fileID: 4882534052281985080, guid: d959f8f2a6a3d0e448d2d8abeaf1a98a, type: 3}
      propertyPath: m_LocalRotation.x
      value: 0
      objectReference: {fileID: 0}
    - target: {fileID: 4882534052281985080, guid: d959f8f2a6a3d0e448d2d8abeaf1a98a, type: 3}
      propertyPath: m_LocalRotation.y
      value: -0
      objectReference: {fileID: 0}
    - target: {fileID: 4882534052281985080, guid: d959f8f2a6a3d0e448d2d8abeaf1a98a, type: 3}
      propertyPath: m_LocalRotation.z
      value: -0
      objectReference: {fileID: 0}
    - target: {fileID: 4882534052281985080, guid: d959f8f2a6a3d0e448d2d8abeaf1a98a, type: 3}
      propertyPath: m_LocalEulerAnglesHint.x
      value: 0
      objectReference: {fileID: 0}
    - target: {fileID: 4882534052281985080, guid: d959f8f2a6a3d0e448d2d8abeaf1a98a, type: 3}
      propertyPath: m_LocalEulerAnglesHint.y
      value: 0
      objectReference: {fileID: 0}
    - target: {fileID: 4882534052281985080, guid: d959f8f2a6a3d0e448d2d8abeaf1a98a, type: 3}
      propertyPath: m_LocalEulerAnglesHint.z
      value: 0
      objectReference: {fileID: 0}
    - target: {fileID: 8473917435946392107, guid: d959f8f2a6a3d0e448d2d8abeaf1a98a, type: 3}
      propertyPath: m_Name
      value: P_BLD_base_v05_01
      objectReference: {fileID: 0}
    - target: {fileID: 8473917435946392107, guid: d959f8f2a6a3d0e448d2d8abeaf1a98a, type: 3}
      propertyPath: m_Layer
      value: 7
      objectReference: {fileID: 0}
    - target: {fileID: 8473917435946392107, guid: d959f8f2a6a3d0e448d2d8abeaf1a98a, type: 3}
      propertyPath: m_StaticEditorFlags
      value: 4294967295
      objectReference: {fileID: 0}
    m_RemovedComponents: []
  m_SourcePrefab: {fileID: 100100000, guid: d959f8f2a6a3d0e448d2d8abeaf1a98a, type: 3}
--- !u!4 &4446710830127369645 stripped
Transform:
  m_CorrespondingSourceObject: {fileID: 4882534052281985080, guid: d959f8f2a6a3d0e448d2d8abeaf1a98a, type: 3}
  m_PrefabInstance: {fileID: 9112995546529523093}
  m_PrefabAsset: {fileID: 0}
